 Dungeon Crawl Stone Soup version 0.30-a0-1094-g860fb061e7 (webtiles) character file.

Game seed: 1736310455943522123

77 ders the Magician (level 4, -1/31 HPs)
             Began as a Djinni Conjurer on Apr 17, 2023.
             Slain by Natasha (2 damage)
             ... on level 2 of the Dungeon.
             The game lasted 00:01:39 (1941 turns).

ders the Magician (Djinni Conjurer)                 Turns: 1941, Time: 00:01:40

Health: -1/31      AC:  3    Str:  5    XL:     4   Next: 58%
Gold:   132        EV: 12    Int: 20    God:
                   SH:  0    Dex: 16

rFire   + + .      SeeInvis .    (no weapon)
rCold   x . .      Faith    .    (no shield)
rNeg    . . .      Spirit   .    a - +0 robe
rPois   ∞          Reflect  .    (no helmet)
rElec   .          Rampage  .    (no cloak)
rCorr   .                        d - +0 pair of gloves
Will    .....                    (boots unavailable)
Stlth   ++                       (no amulet)
HPRegen 0.25/turn                (no ring)
MPRegen 0.00/turn                (no ring)

@: brilliant, flying, slowed, very slow
A: sickness immunity, fire resistance 2, cold vulnerability 1, float, innate
caster, HP casting, extra vitality 1, agile 1, mutation resistance 1
a: no special abilities


You were on level 2 of the Dungeon.
You visited 1 branch of the dungeon, and saw 2 of its levels.

You collected 132 gold pieces.

Inventory:

Armour
 a - a +0 robe (worn)
 d - a +0 pair of gloves (worn)
Scrolls
 b - 2 scrolls of identify {unknown}
 g - a scroll of enchant weapon {unknown}
 j - 2 scrolls of fog {unknown}
 l - a scroll of summoning {unknown}
Potions
 c - a potion of invisibility {unknown}
 h - a potion of haste {unknown}
 k - a potion of attraction {unknown}


   Skills:
 - Level 2.1 Dodging
 - Level 1.5 Stealth
 + Level 4.5 Spellcasting


You knew the following spells:

 Your Spells              Type           Power      Damage    Failure   Level
a - Magic Dart            Conj           100%       1d8       1%          1
b - Foxfire               Conj/Fire      100%       2x1d9     1%          1
c - Dazzling Flash        Conj/Hex       68%        N/A       5%          3
d - Fulminant Prism       Conj/Hex       17%        3d10      19%         4
e - Iskenderun's Mystic   Conj/Tloc      34%        2d8       19%         4
f - Searing Ray           Conj           68%        2d6       2%          2
Your spell library was empty.

Dungeon Overview and Level Annotations

Branches:
Dungeon (2/15)

Altars:

Annotations:
D:2 Natasha


Innate Abilities, Weirdness & Mutations

You are immune to sickness and miasma.
You are immune to poison.
Your flesh is very heat resistant. (rF++)
You are vulnerable to cold. (rC-)
You float through the air rather than walking.
You learn spells naturally, not from books.
Your magical power is your life essence.
You have superior vitality. (+4 MHP)
You are agile. (Dex +4, Str/Int -1)
You are somewhat resistant to further mutation.


Message History

Natasha is lightly wounded.
Natasha mumbles some strange words.
Unknown command.
Casting: Foxfire (safe; 1% risk of failure)
Confirm with . or Enter, or press ? or * to list all spells.
There is not enough space to conjure foxfire!
Your foxfire dissipates!
The cerulean imp attacks as you move away!
The cerulean imp hits you but does no damage.
The foxfire hits the cerulean imp but does no damage.
The cerulean imp hits you from afar with a +1 spear.
The cerulean imp hits you from afar with a +1 spear.
The cerulean imp hits you from afar with a +1 spear.
The cerulean imp closely misses you.
Casting: Foxfire (safe; 1% risk of failure)
Confirm with . or Enter, or press ? or * to list all spells.
You conjure some foxfire!
The cerulean imp hits you from afar with a +1 spear.
Natasha zaps a wand.
The bolt of light misses your foxfire. The bolt of light hits you!
Ouch! That really hurt!
* * * LOW HITPOINT WARNING * * *
The cerulean imp hits you from afar with a +1 spear.
* * * LOW HITPOINT WARNING * * *
The foxfire hits Natasha.
Natasha is moderately wounded.
The foxfire hits Natasha.
Natasha is heavily wounded.
The cerulean imp misses you.
Unknown command.
It was a potion of brilliance.
You feel clever all of a sudden.
Natasha zaps a wand.
The bolt of light misses you. The cerulean imp barely misses you.
Natasha claws you but does no damage.
The cerulean imp hits you from afar with a +1 spear.
* * * LOW HITPOINT WARNING * * *
It was a potion of flight.
You feel more buoyant. Natasha claws you.
You die...

###.....# #.....# ########..
#.....#####.....# #....# #..
######...............###....###..
.................................
######...............###.........
....##.....#.#.......###.........
....##.....#.#.#.####............
......######.#.#.# #............
..............5h@####............
###...########.#.................
...............#.###........###..
################.# #........# #..
# #.......#.# ##.......# #..
########'##.#..#.# #.#..#### #..
....†..#..####.#.####.#..# #..
#....#.##.#.#..#...####..#### #..
#....#.#....##)#####........# #..


You could see Natasha and a cerulean imp (summoned).

Vanquished Creatures
  Natasha (D:2)
  3 worms (D:2)
  A dart slug (D:1)
  9 bats
  5 endoplasms
  3 giant cockroaches (D:2)
  2 goblins
  A hobgoblin (D:1)
  3 jackals (D:2)
  A quokka (D:1)
  A ball python (D:2)
  A frilled lizard (D:2)
  5 kobolds
  A rat (D:1)
37 creatures vanquished.

Vanquished Creatures (others)
  104 foxfires (D:2)
104 creatures vanquished.

Grand Total: 141 creatures vanquished

Notes
Turn   | Place    | Note
-------+----------+-------------------------------------------
     0 | D:1      | ders the Djinni Conjurer began the quest for the Orb.
     0 | D:1      | ders set off with the following spells memorised: Magic
                  | Dart, Searing Ray, Dazzling Flash, Fulminant Prism,
                  | Iskenderun's Mystic Blast.
     0 | D:1      | Reached XP level 1. HP: 15/15 MP: 0/0
    74 | D:1      | Reached XP level 2. HP: 5/21 MP: 0/0
   692 | D:1      | Found a faded altar of an unknown god.
   963 | D:2      | Reached XP level 3. HP: 24/25 MP: 0/0
   963 | D:2      | Learned a level 1 spell: Foxfire
  1081 | D:2      | Noticed Natasha
  1088 | D:2      | Gained mutation: You are agile. (Dex +4, Str/Int -1)
                  | [potion of mutation]
  1088 | D:2      | Gained mutation: You are somewhat resistant to further
                  | mutation. [potion of mutation]
  1090 | D:2      | Killed Natasha
  1091 | D:2      | Reached skill level 4 in Spellcasting
  1091 | D:2      | Reached XP level 4. HP: 17/31 MP: 0/0
  1928 | D:2      | Noticed Natasha
  1938 | D:2      | HP: 1/31 [cerulean imp/+1 spear[Natasha] (1)]
  1941 | D:2      | Slain by Natasha

Illustrated notes

Levels and vault maps discovered:
D:1:      erik_arrival_orb_chamber, layout_loops_ring,
          shapermc_ecumenical_altar_hornbeckon, grunt_decor_resistance,
          minmay_pentomino_o4
D:2:      minmay_wonky_spiral, layout_basic, bh_walls_and_bars, uniq_natasha

Skill      XL: |  1  2  3 |
---------------+----------+-----
Spellcasting   | 4 |  4.5
Dodging        | |  2.1
Stealth        | |  1.5

Action                     |  1- 3 |  4- 6 || total
---------------------------+-------+-------++-------
   Cast: Magic Dart        |    44 |     1 ||    45
         Searing Ray       |     1 |       ||     1
         Foxfire           |     7 |    52 ||    59
    Use: Potion            |     2 |     2 ||     4
 Armour: Robe              |     1 |     3 ||     4
  Dodge: Dodged            |    12 |     5 ||    17

Table legend: (Time is in decaauts)
 A = Elapsed time spent in this place.
 B = Non-inter-level travel time spent in this place.
 C = Inter-level travel time spent in this place.
 D = Time resting spent in this place.
 E = Time spent auto-exploring this place.
 F = Levels seen in this place.
 G = Mean time per level.
                   A        B        C        D        E       F      G
               +--------+--------+--------+--------+--------+-----+--------+
         Total |   1945 |   1939 |      6 |     68 |   1597 |   2 |  972.5 |
       Dungeon |   1945 |   1939 |      6 |     68 |   1597 |   2 |  972.5 |
               +--------+--------+--------+--------+--------+-----+--------+

Top non-repeatable levels by time:
     D:2: 1068 daAuts
     D:1: 877 daAuts
